AoeStats
← willrhyd

Arena

509435162Analyzed
4v4 RM · 5d ago on Sep 26, 2026· 44m 43s· 8 players
Game mode
Random Map
Map size
Large (8 player)
Population
200
Speed
Normal
Resources
Standard
Victory
Conquest
Starting age
Dark Age
Ending age
Imperial Age
RankedLock teamsTeams togetherTeam positionsShared explorationLock speedFull tech treeHidden civsTurbo modeCheats
Victory
Defeat
🇩🇪 Magyars · Germany
1513
+14
🇳🇱 Burmese · Netherlands
1476
+15
🇨🇴 Romans · Colombia
1465
+16
🇬🇧 Persians · United Kingdom
1421
+17
🇮🇳 Mongols · India
1501
-18
🇻🇳 Danes · Vietnam
1456
-15
🇨🇴 Lithuanians · Colombia
1451
-15
🇺🇸 Saxons · United States
1428
-14
[TM] Goblin Wizard Bolton
tschipe2_0
10:20 Feudal Age
11:31 Double-Bit Axe
14:38 Castle Age
13:21 Horse Collar
18:44 Bow Saw
21:10 Stone Mining
21:11 Gold Mining
27:13 Bloodlines
27:04 Husbandry
26:45 Light Cavalry
31:07 Imperial Age
29:15 Wheelbarrow
29:29 Scale Barding Armor
29:48 Corvinian Army
30:31 Chain Barding Armor
30:59 Fletching
31:45 Ballistics
32:34 Plate Barding Armor
32:22 Conscription
31:23 Elite Magyar Huszar
33:36 Chemistry
32:37 Bodkin Arrow
33:36 Gold Shaft Mining
34:09 Bracer
34:10 Padded Archer Armor
34:46 Thumb Ring
35:41 Heavy Cavalry Archer
38:27 Recurve Bow
39:18 Parthian Tactics
40:09 Heavy Plow
40:29 Leather Archer Armor
42:44 Ring Archer Armor
44:23 Crop Rotation
willrhyd
3:59 Loom
10:48 Feudal Age
12:19 Double-Bit Axe
14:50 Castle Age
12:52 Horse Collar
15:48 Bow Saw
19:09 Wheelbarrow
21:27 Loom
23:41 Hand Cart
29:58 Imperial Age
27:30 Husbandry
27:41 Bloodlines
27:33 Town Watch
28:11 Gold Mining
28:11 Stone Mining
28:28 Scale Barding Armor
28:33 Forging
29:00 Town Patrol
29:31 Chain Barding Armor
29:38 Cavalier
30:57 Iron Casting
31:52 Plate Barding Armor
31:52 Iron Casting
31:27 Savar
35:18 Blast Furnace
41:10 Conscription
42:04 Caravan
43:11 Chemistry
Sebastianquijanog
10:01 Feudal Age
10:51 Loom
15:04 Castle Age
28:04 Double-Bit Axe
28:08 Horse Collar
28:51 Heavy Plow
30:08 Bow Saw
32:39 Ballistics
32:21 Scale Mail Armor
32:44 Gold Mining
37:20 Imperial Age
35:33 Gold Shaft Mining
34:53 Stone Mining
36:34 Wheelbarrow
35:36 Pikeman
36:34 Chain Mail Armor
36:30 Forging
36:21 Squires
37:08 Masonry
37:09 Man-at-Arms
38:26 Ballistas
38:43 Conscription
37:54 Long Swordsman
38:41 Legionary
38:51 Halberdier
39:07 Heavy Scorpion
40:45 Iron Casting
39:40 Capped Ram
41:44 Chemistry
42:02 Crop Rotation
41:01 Siege Ram
44:21 Blast Furnace
43:12 Fletching
meh
5:19 Loom
8:11 Feudal Age
9:21 Double-Bit Axe
12:15 Fletching
15:48 Town Watch
24:37 Castle Age
25:31 Bow Saw
26:51 Wheelbarrow
28:27 Horse Collar
29:50 Gold Mining
35:46 Imperial Age
33:40 Heavy Plow
34:58 Thumb Ring
34:52 Bodkin Arrow
35:02 Pikeman
35:42 Squires
35:45 Padded Archer Armor
36:33 Bracer
36:51 Cranequins
37:03 Crossbowman
37:17 Cranequins
39:01 Chemistry
38:54 Gold Shaft Mining
38:34 Scale Mail Armor
38:45 Forging
38:41 Halberdier
40:09 Ballistics
40:34 Chain Mail Armor
41:05 Bloodlines
40:55 Husbandry
42:27 Hand Cart
42:24 Heavy Mounted Crossbowman
44:03 Onager
ivandario67
11:04 Feudal Age
13:06 Double-Bit Axe
15:47 Castle Age
13:34 Double-Bit Axe
14:14 Horse Collar
21:39 Bow Saw
22:58 Wheelbarrow
23:46 Husbandry
25:05 Hand Cart
28:17 Scale Barding Armor
32:57 Imperial Age
31:08 Bloodlines
31:19 Chain Barding Armor
31:10 Forging
31:02 Loom
31:01 Pikeman
33:29 Iron Casting
33:33 Gold Mining
33:33 Stone Mining
33:44 Halberdier
34:26 Squires
35:02 Plate Barding Armor
33:49 Cavalier
36:29 Scale Mail Armor
37:05 Paladin
40:23 Town Watch
40:43 Fletching
thien
Broken Angel
10:24 Feudal Age
14:30 Castle Age
12:39 Double-Bit Axe
12:38 Horse Collar
16:17 Bow Saw
17:36 Heavy Plow
20:52 Wheelbarrow
23:06 Gold Mining
23:15 Stone Mining
25:16 Stone Shaft Mining
25:15 Hand Cart
24:59 Loom
26:58 Gold Shaft Mining
26:55 Fletching
27:20 Town Watch
30:15 Imperial Age
28:57 Bodkin Arrow
29:48 Ballistics
30:34 Padded Archer Armor
31:25 Conscription
30:31 Elite Mangudai
32:14 Chemistry
31:15 Bracer
31:31 Leather Archer Armor
32:35 Bloodlines
32:25 Husbandry
32:33 Thumb Ring
32:53 Parthian Tactics
32:43 Scale Barding Armor
32:49 Siege Engineers
32:40 Murder Holes
32:55 Masonry
32:13 Capped Ram
33:15 Scale Barding Armor
33:01 Light Cavalry
34:44 Chain Barding Armor
33:48 Siege Ram
35:50 Forging
37:31 Fortified Wall
38:40 Herbal Medicine
39:23 Hoardings
40:29 Iron Casting
Connection lost

Rejoining the realm…

Still unreachable

The connection could not be restored.

Session expired

The server has moved on; the page needs a fresh start.